 Dungeon Crawl Stone Soup version 0.23.2-11-gf996548c65 (webtiles) character file.

Game seed: 12246910647230460641

315 MalarOregon the Digger (level 6, -2/50 HPs)
             Began as a Ghoul Earth Elementalist on June 6, 2019.
             Slain by an orc
             ... wielding a +0 flail
              (5 damage)
             ... on level 4 of the Dungeon.
             The game lasted 00:05:30 (3143 turns).

MalarOregon the Digger (Ghoul Earth Elementalist)   Turns: 3143, Time: 00:05:31

Health: -2/50      AC:  6    Str: 17    XL:     6   Next: 43%
Magic:  0/9        EV: 12    Int: 12    God:
Gold:   156        SH:  0    Dex:  9    Spells: 9/10 levels left

rFire    . . .     SeeInvis .   (no weapon)
rCold    + + .     Gourm    .   (no shield)
rNeg     + + +     Faith    .   o - +2 robe {rC+}
rPois    ∞         Spirit   .   j - +1 hat
rElec    .         Reflect  .   r - +0 cloak
rCorr    .         Harm     .   (no gloves)
MR       .....                  (no boots)
Stlth    ++........             (no amulet)
HPRegen  0.00/turn              (no ring)
MPRegen  0.11/turn              (no ring)

@: mighty, flying, rotting
A: rotting body, claws 1, carnivore, cold resistance 1, negative energy
resistance 3, inhibited regeneration, torment resistance, unbreathing
a: no special abilities


You were on level 4 of the Dungeon.
You were not hungry.

You visited 1 branch of the dungeon, and saw 4 of its levels.

You collected 156 gold pieces.

Inventory:

Hand Weapons
 t - a +0 blowgun
   (You took it off a kobold on level 3 of the Dungeon)
Missiles
 a - 4 tomahawks (quivered)
 b - 38 stones
 c - 2 needles of paralysis
 u - 8 curare-tipped needles {!f}
Armour
 j - a +1 hat (worn)
   (You found it on level 1 of the Dungeon)
 o - a +2 robe of cold resistance (worn)
   (You found it on level 2 of the Dungeon)
 r - a +0 cloak (worn)
   (You found it on level 3 of the Dungeon)
Jewellery
 f - an uncursed ring of ice
   (You found it on level 2 of the Dungeon)
Scrolls
 d - a scroll of magic mapping {unknown}
 i - a scroll of teleportation {unknown}
 k - 3 scrolls of immolation {unknown}
 l - a scroll of enchant weapon {unknown}
 m - 3 scrolls of identify {unknown}
 q - a scroll of amnesia {unknown}
Potions
 g - a potion of might
 h - a potion of invisibility {unknown}
 n - a potion of heal wounds {unknown}
 p - a potion of lignification {unknown}
 s - a potion of flight
Comestibles
 e - 7 rations {!d}


   Skills:
 + Level 2.4 Fighting
 + Level 2.8 Dodging
 + Level 3.6 Stealth
 + Level 2.8 Spellcasting
   Level 0.8 Transmutations
 * Level 5.2 Earth Magic


You had 9 spell levels left.
You knew the following spells:

 Your Spells              Type           Power        Failure   Level  Hunger
a - Sandblast             Erth           ##....       3%          1    #......

Your spell library contained the following spells:

 Spells                   Type           Power        Failure   Level  Hunger
 Passwall                 Tmut/Erth      #.......     11%         2    ###....
 Stone Arrow              Conj/Erth      #.....       26%         3    ###....
 Petrify                  Tmut/Erth      #.......     58%         4    #####..
 Lee's Rapid Deconstruct  Erth           ##........   63%         5    ######.


Dungeon Overview and Level Annotations

Branches:
Dungeon (4/15)
 Temple: D:4-7

Altars:


Innate Abilities, Weirdness & Mutations

Your body is rotting away.
You thrive on raw meat.
You are immune to poison.
You have sharp fingernails.
You are carnivorous and can eat meat at any time.
Your flesh is cold resistant. (rC+)
You are immune to negative energy. (rN+++)
You do not regenerate when monsters are visible.
You are immune to unholy pain and torment.
You can survive without breathing.


Message History

The orc barely misses you. x2
Unknown command.
Aim: an orc, wielding a +0 trident and wearing a +0 leather armour The blast of sand hits the orc!
You kill the orc!
b - 39 stones Something hits you.
* * * LOW HITPOINT WARNING * * *
The orc barely misses you.
You hear some strange, mumbled words.
A puff of flame appears from out of thin air!
The puff of flame hits you!
* * * LOW HITPOINT WARNING * * *
You hear some strange, mumbled words.
You are confused.
There is an open door here.
You bump into the rock wall.
An orc wizard appears from thin air!
Reactivating autopickup.
The orc wizard casts a spell.
The orc wizard flickers and vanishes!
Deactivating autopickup; reactivate with Ctrl-A.
The orc hits you with a +0 flail.
* * * LOW HITPOINT WARNING * * *
You're too confused!
It was a potion of flight.
You feel very buoyant.
You fly up into the air.
It was a potion of might.
You feel very mighty all of a sudden. Something hits you but does no damage.
The orc closely misses you.
Okay, then.
You completely miss something.
You feel less confused. Something hits you.
* * * LOW HITPOINT WARNING * * *
You scratch something. The orc barely misses you. The orc misses you.
You hear some strange, mumbled words.
A puff of flame appears from out of thin air!
The puff of flame misses you.
Unknown command.
You closely miss the orc. The orc hits you but does no damage.
The orc closely misses you. Something hits you.
* * * LOW HITPOINT WARNING * * *
Aim: an orc, wielding a +0 trident and wearing a +0 leather armour The blast of sand hits something.
b - 38 stones The orc barely misses you.
The orc hits you with a +0 flail.
You die...

###### #########
.....#################.......#
.....#.........#.....#.......#
.....+.........+.....#.......#
.....#..o......#@o...#.......#
.....##'###.o.###'####.......#
........o.#..h#..o...........#
..........#...#..............#
..........'...o{.............#
..........#...#.......########
..........#...#.......#
..........###+#.......#
...............########


You could see 2 orcs.

Vanquished Creatures
  A howler monkey (D:4)
  An orc priest (D:3)
  3 hounds (D:4)
  A worker ant (D:4)
  5 adders
  3 worms
  3 dart slugs
  3 leopard geckos
  4 orcs
  9 bats
  4 giant cockroaches
  9 goblins
  7 hobgoblins
  4 jackals (D:4)
  4 kobolds
  A ball python (D:4)
  5 frilled lizards
  12 rats
79 creatures vanquished.

Notes
Turn   | Place    | Note
-------+----------+-------------------------------------------
     0 | D:1      | MalarOregon the Ghoul Earth Elementalist began the quest
                  | for the Orb.
     0 | D:1      | Reached XP level 1. HP: 14/14 MP: 2/2
   130 | D:1      | Reached XP level 2. HP: 22/22 MP: 3/3
   757 | D:2      | Reached XP level 3. HP: 19/26 MP: 5/5
   783 | D:2      | Reached skill level 1 in Fighting
   887 | D:2      | Reached skill level 4 in Earth Magic
   918 | D:2      | Reached XP level 4. HP: 29/35 MP: 1/6
  2082 | D:3      | Reached XP level 5. HP: 35/40 MP: 2/7
  3044 | D:4      | Reached XP level 6. HP: 48/48 MP: 5/8
  3047 | D:4      | Reached skill level 5 in Earth Magic
  3143 | D:4      | Slain by an orc

Skill      XL: |  1  2  3  4  5  6 |
---------------+-------------------+-----
Spellcasting   | 2 |  2.8
Dodging        | 2 |  2.8
Fighting       | 1 2 |  2.4
Earth Magic    | 4 5 |  5.2
Stealth        | 3 |  3.6
Transmutations | |  0.8

Action                   |  1- 3 |  4- 6 || total
-------------------------+-------+-------++-------
Melee: Unarmed           |    83 |   291 ||   374
Throw: Tomahawk          |     9 |     7 ||    16
       Stone             |     1 |       ||     1
 Cast: Sandblast         |    10 |    36 ||    46
  Use: Potion            |       |     2 ||     2
 Stab: Sleeping          |     7 |     4 ||    11
  Eat: Chunk             |     5 |    14 ||    19
Armor: Robe              |     7 |   121 ||   128
Dodge: Dodged            |    55 |   218 ||   273
